 Dungeon Crawl Stone Soup version 0.19.4-8-ga85b6b9 (webtiles) character file.

192 Naow the Chopper (level 5, -7/45 HPs)
             Began as a Minotaur Berserker on Feb 14, 2017.
             Was a Believer of Trog.
             Mangled by a gnoll
             ... wielding a +0 halberd
              (16 damage)
             ... on level 3 of the Dungeon.
             The game lasted 00:02:47 (2523 turns).

Naow the Chopper (Minotaur Berserker)               Turns: 2523, Time: 00:02:48

Health: -7/45      AC:  2    Str: 22    XL:     5   Next: 42%
Magic:  4/4        EV: 12    Int:  4    God:    Trog [**....]
Gold:   82         SH:  0    Dex: 10    Spells: 0 memorised, 4 levels left

rFire  . . .     SeeInvis .     a - +0 hand axe
rCold  . . .     Gourm    .     b - +0 animal skin
rNeg   . . .     Faith    .     (no shield)
rPois  .         Spirit   .     (helmet restricted)
rElec  .         Reflect  .     (no cloak)
rCorr  .         Harm     .     (no gloves)
MR     .....                    (no boots)
Stlth  +.........               (no amulet)
                                (no ring)
                                (no ring)

@: exhausted, slowed, very slow
A: retaliatory headbutt, horns 2
a: Berserk, Trog's Hand, Burn Spellbooks, Renounce Religion


You were on level 3 of the Dungeon.
You worshipped Trog.
Trog was pleased with you.
You were very hungry.

You visited 1 branch of the dungeon, and saw 3 of its levels.

You collected 82 gold pieces.

Inventory:

Hand Weapons
 a - a +0 hand axe (weapon)
Armour
 b - a +0 animal skin (worn)
 o - a +0 pair of gloves
Jewellery
 e - a +2 ring of slaying {unknown}
 n - an uncursed amulet of regeneration {unknown}
Scrolls
 f - a scroll of enchant armour {unknown}
 g - a scroll of fear {unknown}
 j - a scroll of amnesia {unknown}
 k - 2 scrolls of teleportation {unknown}
 l - a scroll of identify {unknown}
 r - 2 scrolls of remove curse {unknown}
 s - a scroll of random uselessness {unknown}
Potions
 m - 2 potions of lignification {unknown}
 q - a potion of cure mutation {unknown}
 t - a potion of curing {unknown}
Books
 p - a book of Cantrips

   Spells                             Type                      Level
   a - Confusing Touch                Hexes                        1
   b - Animate Skeleton               Necromancy                   1
   c - Summon Small Mammal            Summoning                    1
   d - Apportation                    Translocation                1
   Trog disapproves of the use of such an item.
Comestibles
 c - a bread ration
 d - a fruit
 i - 2 meat rations


   Skills:
 - Level 3.6 Fighting
 + Level 7.5 Axes
 - Level 2.4 Armour
 - Level 2.1 Dodging


You had 4 spell levels left.
You didn't know any spells.

Dungeon Overview and Level Annotations

Branches:
Dungeon (3/15)

Altars:
Dithmenos
Zin


Innate Abilities, Weirdness & Mutations

You reflexively headbutt those who attack you in melee.
You have a pair of horns on your head.


Message History

You see here a whip.
You are too injured to fight recklessly!
You are too injured to fight recklessly!
You hit the gnoll.
The gnoll is moderately wounded.
The gnoll misses you. The gnoll barely misses you.
You closely miss the gnoll.
The gnoll is moderately wounded.
The gnoll barely misses you.
You hit the gnoll but do no damage.
The gnoll is moderately wounded.
The gnoll hits you with a halberd!
* * * LOW HITPOINT WARNING * * *
You hit the gnoll. Your headbutt misses the gnoll.
The gnoll is severely wounded.
The gnoll barely misses you.
You hit the gnoll.
The gnoll is severely wounded.
The gnoll hits you with a halberd!
You die...

###### #
.....###.####
...#........######
......##.##...)..#
...#[.......####.##
..##..##.##.# #...#
......##.##.# #.).#
.#.##.#..##.# #.@.#
...##.#.###.# #g###
.####.......# #g ##
#.....### #.
#.....# #. #.....#
#. #.....# #.
#.....# #. #######


You could see a gnoll and a hobgoblin.

Vanquished Creatures
  The ghost of Naow the Conjurer, an amateur DECj (D:3)
  Robin (D:3)
  2 gnolls (D:3)
  2 adders (D:2)
  4 worms
  2 dart slugs
  A leopard gecko (D:1)
  An orc (D:3)
  6 bats
  4 giant cockroaches
  12 goblins
  10 hobgoblins
  2 frilled lizards (D:2)
  5 kobolds
  6 rats
59 creatures vanquished.

Notes
Turn   | Place    | Note
-------+----------+-------------------------------------------
     0 | D:1      | Naow the Minotaur Berserker began the quest for the Orb.
     0 | D:1      | Reached XP level 1. HP: 19/19 MP: 0/0
   137 | D:1      | Reached skill level 4 in Axes
   272 | D:1      | Reached XP level 2. HP: 26/26 MP: 1/1
   996 | D:2      | Reached skill level 5 in Axes
  1022 | D:2      | Found a glowing silver altar of Zin.
  1063 | D:2      | Reached XP level 3. HP: 16/31 MP: 2/2
  1423 | D:2      | Found a shadowy altar of Dithmenos.
  1502 | D:2      | Reached ** piety under Trog
  1984 | D:2      | Reached XP level 4. HP: 39/39 MP: 3/3
  2240 | D:3      | Noticed Robin
  2243 | D:3      | Reached skill level 6 in Axes
  2253 | D:3      | Killed Robin
  2503 | D:3      | Noticed Naow's ghost (amateur DECj)
  2511 | D:3      | Killed Naow's ghost
  2511 | D:3      | Reached skill level 7 in Axes
  2511 | D:3      | Reached XP level 5. HP: 42/45 MP: 4/4
  2523 | D:3      | Mangled by a gnoll

Skill      XL: |  1  2  3  4 |
---------------+-------------+-----
Axes           | 4 5 7 |  7.5
Fighting       | |  3.6
Armour         | |  2.4
Dodging        | |  2.1

Action                   |  1- 3 |  4- 6 || total
-------------------------+-------+-------++-------
Melee: Hand axe          |    75 |    38 ||   113
       Headbutt          |    15 |     4 ||    19
Invok: Berserk           |     2 |     2 ||     4
  Eat: Chunk             |     5 |     2 ||     7
Armor: Animal skin       |     9 |     4 ||    13
Dodge: Dodged            |    40 |    23 ||    63
